 Dungeon Crawl Stone Soup version 0.31.0-11-ge490571c62 (webtiles) character file.

Game seed: 10483056383073726857

63 qw the Shooter (level 3, 0/20 HPs)
             Began as a Deep Elf Hunter on Feb 3, 2024.
             Killed from afar by Sigmund (6 damage)
             ... with a magic dart
             ... on level 2 of the Dungeon.
             The game lasted 00:00:03 (885 turns).

qw the Shooter (Deep Elf Hunter)                     Turns: 885, Time: 00:00:04

Health: 0/20       AC:  3    Str: 10    XL:     3   Next: 87%
Magic:  5/5        EV: 12    Int: 13    God:
Gold:   54         SH:  0    Dex: 18    Spells: 2/2 levels left

rFire   . . .        a - +0 shortbow
rCold   . . .        (shield currently unavailable)
rNeg    . . .        c - +0 leather armour
rPois   .            (no helmet)
rElec   .            (no cloak)
rCorr   .            (no gloves)
SInv    .            (no boots)
Will    .....        (no amulet)
Stlth   ++           (no ring)
HPRegen 0.23/turn    (no ring)
MPRegen 0.09/turn

%: no passive effects
@: no status effects
A: no striking features
a: no special abilities


You were on level 2 of the Dungeon.
You visited 1 branch of the dungeon, and saw 2 of its levels.

You collected 54 gold pieces.


   Skills:
 - Level 1.5 Fighting
 + Level 7.3 Ranged Weapons
 - Level 2.4 Dodging
 - Level 1.2 Stealth


You had 2 spell levels left.
You didn't know any spells.
Your spell library was empty.

Inventory:

Hand Weapons
 a - a +0 shortbow (weapon)
Armour
 b - a +0 scale mail
 c - a +0 leather armour (worn)
Scrolls
 d - a scroll of poison {unknown}
Potions
 e - a potion of berserk rage {unknown}

Dungeon Overview and Level Annotations

Branches:
Dungeon (2/15)

Altars:

Shops:
D:1 (

Annotations:
D:2 Sigmund


Message History

d - a scroll labelled XYMMAOMI FURUU You now have 41 gold pieces (gained 13).
e - a fuming yellow potion
Found a dagger.
Things that are here:
a +0 dagger; a frilled lizard corpse
Things that are here:
a +0 whip; a rat corpse
Things that are here:
a +0 hand axe; a ball python corpse You now have 54 gold pieces (gained 13).
Sigmund the Dreaded comes into view.
He is wielding a +0 scythe and wearing a +2 robe of positive energy.
You shoot an arrow. The arrow hits Sigmund.
Sigmund is moderately wounded.
You shoot an arrow. The arrow closely misses Sigmund.
You shoot an arrow.
The arrow hits Sigmund but does no damage.
Sigmund is moderately wounded.
You shoot an arrow. The arrow barely misses Sigmund.
You shoot an arrow. The arrow hits Sigmund!
Sigmund is heavily wounded.
You shoot an arrow. The arrow hits Sigmund.
Sigmund is severely wounded.
Sigmund points at you and mumbles some strange words.
The puff of flame hits you!
You shoot an arrow.
The arrow hits Sigmund but does no damage.
Sigmund is severely wounded.
Sigmund points at you and mumbles some strange words.
The puff of flame hits you!
You shoot an arrow. The arrow hits Sigmund.
Sigmund is severely wounded.
Sigmund barely misses you.
You shoot an arrow.
The arrow hits Sigmund but does no damage.
Sigmund is severely wounded.
Sigmund casts a spell at you. The magic dart hits you.
You die...
Sigmund begins carving another notch in his scythe.

######## #..@.@.#
#######
#.####.....
#.....####...##.
...
#.###......#....#
.
#.#.#.....###...#)
#.##.##..###..##.#
#...#.#...#...#.#.
##..##.##...##.#
#......#)#...#.#


You could see Sigmund.

Vanquished Creatures
  Terence (D:2)
  An adder (D:2)
  2 bats (D:1)
  6 endoplasms
  A giant cockroach (D:1)
  3 goblins
  A hobgoblin (D:2)
  2 quokkas (D:1)
  A ball python (D:2)
  2 frilled lizards
  4 kobolds
  2 rats
26 creatures vanquished.

Notes
Turn   | Place    | Note
-------+----------+-------------------------------------------
     0 | D:1      | qw the Deep Elf Hunter began the quest for the Orb.
     0 | D:1      | Reached XP level 1. HP: 12/12 MP: 3/3
     0 | D:1      | 0 ||| qw: Version: 0.3-a-158-g18b3111
     0 | D:1      | 0 ||| qw: Game counter: 4155
     0 | D:1      | 0 ||| qw: Melee chars always use a shield: true
     0 | D:1      | 0 ||| qw: God list: Okawaru
     0 | D:1      | 0 ||| qw: Allow faded altars: false
     0 | D:1      | 0 ||| qw: Do Orc after clearing Dungeon:15 true
     0 | D:1      | 0 ||| qw: Do second Lair branch before Depths: true
     0 | D:1      | 0 ||| qw: Lair rune preference: random
     0 | D:1      | 0 ||| qw: Goals: Normal
     0 | D:1      | 0 ||| PLANNING D:1-11
   103 | D:1      | Reached skill level 6 in Ranged Weapons
   103 | D:1      | Reached XP level 2. HP: 7/16 MP: 4/4
   312 | D:1      | You fall into a shaft and drop 1 floor!
   313 | D:2      | 313 ||| READING scroll labelled POLUDULICS.
   314 | D:2      | 314 ||| DROPPING scroll of butterflies.
   372 | D:1      | Found Qalomeib's Weapon Boutique.
   451 | D:1      | Found a faded altar of an unknown god.
   569 | D:1      | 569 ||| READING scroll labelled MULAOT KALE.
   572 | D:1      | 572 ||| READING scroll labelled ZIANEX NUAMPUA.
   725 | D:2      | Reached XP level 3. HP: 20/20 MP: 5/5
   748 | D:2      | Noticed Terence
   754 | D:2      | HP: 5/20 [Terence/+0 hand axe (2)]
   755 | D:2      | HP: 2/20 [Terence/+0 hand axe (4)]
   757 | D:2      | Killed Terence
   758 | D:2      | Reached skill level 7 in Ranged Weapons
   761 | D:2      | HP: 1/20 [rat (1)]
   876 | D:2      | Noticed Sigmund
   883 | D:2      | HP: 5/20 [Sigmund/puff of flame (8)]
   885 | D:2      | Killed from afar by Sigmund

Levels and vault maps discovered:
D:1:      wander_arrival_estate, layout_rooms, serial_shops,
          nicolae_shop_rolling_square, shapermc_ecumenical_altar_petra,
          grunt_decor_one_mirror, hangedman_abyss_or_decor_lesser_grid,
          minmay_box_of_dots
D:2:      layout_rooms, minmay_vboxes, uniq_sigmund, uniq_terence, uniq_natasha

Skill      XL: |  1  2  3 |
---------------+----------+-----
Ranged Weapons | 6 7 |  7.3
Fighting       | |  1.5
Dodging        | |  2.4
Stealth        | |  1.2

Action                     || total
---------------------------++-------
   Fire: Shortbow          ||    86
    Use: Scroll            ||     3
 Armour: Leather armour    ||    26
  Dodge: Dodged            ||    30

Table legend:
 A = Non-vault XP
 B = Vault XP
 C = Vault XP percentage of total XP
 D = Non-vault monster count
 E = Vault monster count
 F = Vault count percentage of total count
                 A         B        C        D         E       F
            +---------+---------+-------+---------+---------+-------
      Total |      38 |      52 |  57.8 |      16 |      10 |  38.5
            +---------+---------+-------+---------+---------+-------
        D:1 |      23 |       6 |  20.7 |      13 |       3 |  18.8
        D:2 |      15 |      46 |  75.4 |       3 |       7 |  70.0
            +---------+---------+-------+---------+---------+-------
